 Dungeon Crawl Stone Soup version 0.23.2-40-g277498a001 (webtiles) character file.

Game seed: 11910344372182416927

92 Hylith the Skirmisher (level 4, -1/38 HPs)
             Began as a Demonspawn Fighter on Sept 25, 2019.
             Slain by Grinder (3 damage)
             ... on level 3 of the Dungeon.
             The game lasted 00:03:42 (2348 turns).

Hylith the Skirmisher (Demonspawn Fighter)          Turns: 2348, Time: 00:03:42

Health: -1/38      AC: 11    Str: 22    XL:     4   Next: 35%
Magic:  4/4        EV:  7    Int:  9    God:
Gold:   99         SH:  9    Dex: 13    Spells: 3/3 levels left

rFire    . . .     SeeInvis .     - Unarmed
rCold    . . .     Gourm    .   b - +0 shield
rNeg     . . .     Faith    .   a - +0 scale mail
rPois    .         Spirit   .   (no helmet)
rElec    .         Reflect  .   k - +0 cloak (curse)
rCorr    .         Harm     .   (no gloves)
MR       .....                  o - +0 pair of boots (curse)
Stlth    ..........             (no amulet)
HPRegen  0.12/turn              (no ring)
MPRegen  0.09/turn              (no ring)

@: mighty
A: thin metallic scales 1, powered by death 1
a: no special abilities


You were on level 3 of the Dungeon.
You were hungry.

You visited 1 branch of the dungeon, and saw 3 of its levels.

You collected 99 gold pieces.

Inventory:

Armour
 a - a +0 scale mail (worn)
 b - a +0 shield (worn)
 k - a cursed +0 cloak (worn)
 o - a cursed +0 pair of boots (worn)
Scrolls
 e - 4 scrolls of identify {unknown}
 f - 3 scrolls of teleportation {unknown}
 g - 2 scrolls of remove curse {unknown}
 h - a scroll of enchant weapon {unknown}
 j - a scroll of amnesia {unknown}
 p - a scroll of blinking {unknown}
Potions
 i - 2 potions of invisibility
 l - a potion of resistance {unknown}
 m - a potion of heal wounds {unknown}
 n - a potion of magic {unknown}
Comestibles
 d - 6 rations


   Skills:
 + Level 4.7 Fighting
 - Level 3.0 Armour
 - Level 3.0 Shields
 - Level 1.7 Unarmed Combat


You had 3 spell levels left.
You didn't know any spells.
Your spell library was empty.

Dungeon Overview and Level Annotations

Branches:
Dungeon (3/15)

Altars:

Annotations:
D:3 Grinder


Innate Abilities, Weirdness & Mutations

You are partially covered in thin metallic scales. (AC +2)
You regenerate a little health from kills.


Message History

* * * LOW HITPOINT WARNING * * *
Grinder hits you.
* * * LOW HITPOINT WARNING * * *
You can move again.
You punch Grinder!
Grinder is heavily wounded.
You block the quokka's attack. Grinder hits you but does no damage.
The quokka closely misses you.
You punch Grinder!
Grinder is severely wounded.
You block Grinder's attack. The quokka barely misses you.
You punch Grinder!
Grinder is almost dead.
Grinder hits you but does no damage. You block the quokka's attack.
Your shield and scale mail prevent you from hitting Grinder.
Grinder is almost dead.
You block the quokka's attack. Grinder hits you.
* * * LOW HITPOINT WARNING * * *
You writhe in agony.
You die...

#........
#.....<.
#........#
#.........
###.#...#.#
........#.#
.....?†5#.#
#.r@#.#
#######.#.#
..........#
.#..##.#
#######.###
.#..##.#
#.#
....##.#
#.#
#...##.#
#.#
#...##.#
#.#
....##.#
#.#


You could see Grinder and a quokka.

Vanquished Creatures
  5 adders (D:2)
  An ooze (D:2)
  A dart slug (D:2)
  3 leopard geckos
  2 giant cockroaches
  7 goblins
  3 hobgoblins
  5 kobolds
  2 quokkas
  2 ball pythons (D:3)
  2 bats
  2 frilled lizards (D:2)
  3 rats (D:2)
38 creatures vanquished.

Notes
Turn   | Place    | Note
-------+----------+-------------------------------------------
     0 | D:1      | Hylith the Demonspawn Fighter began the quest for the Orb.
     0 | D:1      | Reached XP level 1. HP: 18/18 MP: 1/1
   253 | D:1      | Gained mutation: You regenerate a little health from kills.
                  | [demonic ancestry]
   253 | D:1      | Reached XP level 2. HP: 21/24 MP: 2/2
   972 | D:2      | Reached XP level 3. HP: 30/30 MP: 3/3
  1153 | D:2      | Noticed an ogre
  1190 | D:2      | HP: 1/30 [ooze (2)]
  1489 | D:2      | Reached skill level 4 in Fighting
  1637 | D:2      | Gained mutation: You are partially covered in thin metallic
                  | scales. (AC +2) [demonic ancestry]
  1637 | D:2      | Reached XP level 4. HP: 29/38 MP: 4/4
  2307 | D:3      | Noticed Grinder
  2330 | D:3      | Paralysed by Grinder for 4 turns
  2340 | D:3      | Paralysed by Grinder for 5 turns
  2348 | D:3      | Slain by Grinder

Skill      XL: |  1  2  3 |
---------------+----------+-----
Armour         | 3 |  3.0
Shields        | 3 |  3.0
Fighting       | 4 |  4.7
Unarmed Combat | |  1.7

Action                   |  1- 3 |  4- 6 || total
-------------------------+-------+-------++-------
Melee: Unarmed           |   146 |    61 ||   207
  Use: Potion            |     2 |     1 ||     3
  Eat: Chunk             |     2 |     2 ||     4
Armor: Scale mail        |    65 |    38 ||   103
Dodge: Dodged            |    29 |    19 ||    48
Block: Shield            |    63 |    27 ||    90
